 Dungeon Crawl Stone Soup version 0.27.0-66-gdc8fb28755 (webtiles) character file.

Game seed: 11414193339060050502

40 Malachi the Ruffian (level 3, -1/31 HPs)
             Began as a Naga Transmuter on Aug 20, 2021.
             Slain by an adder (2 damage)
             ... on level 2 of the Dungeon.
             The game lasted 00:02:04 (1567 turns).

Malachi the Ruffian (Naga Transmuter)               Turns: 1567, Time: 00:02:05

Health: -1/31      AC:  2    Str: 12    XL:     3   Next: 50%
Magic:  5/6        EV: 10    Int: 14    God:
Gold:   24         SH:  0    Dex: 11    Spells: 2/6 levels left

rFire    . . .     SeeInvis +     - Unarmed
rCold    . . .     Faith    .   (no shield)
rNeg     . . .     Spirit   .   a - +0 robe
rPois    +         Reflect  .   (helmet currently unavailable)
rElec    .         Harm     .   (no cloak)
rCorr    .         Rampage  .   (no gloves)
Will     .....                  (no barding)
Stlth    +.........             (no amulet)
HPRegen  0.10/turn              (no ring)
MPRegen  0.10/turn              (no ring)

@: brilliant, lethally poisoned (-1 -> -3), appendages, flying, very slow
A: horns 2, AC +1, large, see invisible, deformed body, poison resistance,
slowness 2, spit poison 1, naga tail 1
a: Spit Poison, End Transformation


You were on level 2 of the Dungeon.
You had temporarily grown beastly horns.
You visited 1 branch of the dungeon, and saw 2 of its levels.

You collected 24 gold pieces.

Inventory:

Armour
 a - a +0 robe (worn)
Scrolls
 b - a scroll of magic mapping {unknown}


   Skills:
 - Level 1.0 Fighting
 - Level 1.7 Dodging
 - Level 1.0 Stealth
 + Level 3.6 Unarmed Combat
 - Level 2.1 Spellcasting
 * Level 2.5 Transmutations
 * Level 0.6 Poison Magic


You had 2 spell levels left.
You knew the following spells:

 Your Spells              Type           Power      Damage    Failure   Level
a - Beastly Appendage     Tmut           26%        N/A       9%          1
b - Spider Form           Tmut/Pois      4%         N/A       34%         3

Your spell library contained the following spells:

 Spells                   Type           Power      Damage    Failure   Level
 Wereblood                Tmut           13%        N/A       12%         2
 Ice Form                 Ice/Tmut       7%         N/A       80%         4


Dungeon Overview and Level Annotations

Branches:
Dungeon (2/15)

Altars:


Innate Abilities, Weirdness & Mutations

You have temporarily grown beastly horns.
Your serpentine skin is tough. (AC +1)
You have supernaturally acute eyesight. (SInv)
Armour fits poorly on your strangely shaped body.
Your system is resistant to poisons. (rPois)
You cover ground very slowly.
You can spit poison.
You have a snake-like lower body.


Message History

You hit the adder.
The adder is moderately wounded.
You feel sick. The adder bites you.
You hit the adder.
The adder is severely wounded.
You feel sick. The adder bites you.
You are more poisoned.
The adder poisons you! The adder bites you.
You hit the adder but do no damage. Your headbutt misses the adder.
The adder is severely wounded.
You feel sick. The adder bites you.
You hit the adder.
The adder is almost dead.
* * * LOW HITPOINT WARNING * * *
You feel sick. The adder closely misses you.
It was a potion of flight.
You feel very buoyant.
You fly up into the air.
You have got your breath back.
* * * LOW HITPOINT WARNING * * *
You feel sick. The adder bites you.
* * * LOW HITPOINT WARNING * * *
It was a potion of brilliance.
You feel clever all of a sudden.
* * * LOW HITPOINT WARNING * * *
You feel sick. The adder closely misses you.
Unknown command.
Casting: Beastly Appendage (safe; 9% risk of failure)
Confirm with . or Enter, or press ? or * to list all spells.
You feel a surge of power!
You extend your transformation's duration.
* * * LOW HITPOINT WARNING * * *
You feel sick. The adder barely misses you. x2
Unknown command.
Unknown command.
You closely miss the adder.
The adder is almost dead.
* * * LOW HITPOINT WARNING * * *
You feel sick. The adder bites you.
You die...

..........# #.#
....$.... #.####
....... #....##
....w #####
#..#..# ...
...###.[##..#
#.#######.#....#
#.#
#..##.......#.##
.#
#####S#..###..##.#
. #.....@.##
##.##.# .
....###.### #.##.#
.# #.# #.##.# #.#
#..... #.# ####.#
#.# #.. ##


You could see an adder.

Vanquished Creatures
  An adder (D:2)
  2 dart slugs (D:1)
  4 ball pythons
  3 bats
  An endoplasm (D:2)
  2 giant cockroaches
  2 goblins (D:1)
  A kobold (D:2)
  2 quokkas (D:1)
  5 frilled lizards
  5 rats (D:1)
28 creatures vanquished.

Notes
Turn   | Place    | Note
-------+----------+-------------------------------------------
     0 | D:1      | Malachi the Naga Transmuter began the quest for the Orb.
     0 | D:1      | Reached XP level 1. HP: 18/18 MP: 3/3
   421 | D:1      | Reached XP level 2. HP: 24/25 MP: 5/5
   833 | D:1      | Found a faded altar of an unknown god.
  1255 | D:1      | Reached skill level 1 in Stealth
  1255 | D:1      | Reached XP level 3. HP: 31/31 MP: 4/6
  1331 | D:2      | Learned a level 3 spell: Spider Form
  1567 | D:2      | HP: 1/31 [poisoned by an adder]
  1567 | D:2      | Slain by an adder

Illustrated notes

Levels and vault maps discovered:
D:1:      elethiomel_arrival_shortcut, layout_basic, basic_ecumenical_altar
D:2:      layout_rooms, uniq_natasha

Skill      XL: |  1  2 |
---------------+-------+-----
Stealth        | 1 |  1.0
Fighting       | |  1.0
Dodging        | |  1.7
Unarmed Combat | |  3.6
Spellcasting   | |  2.1
Transmutations | |  2.5
Poison Magic   | |  0.6

Action                   || total
-------------------------++-------
Melee: Unarmed           ||    79
       Headbutt          ||    10
       Punch             ||     3
 Cast: Beastly Appendage ||    23
 Abil: Spit Poison       ||     5
  Use: Scroll            ||     2
       Potion            ||     2
Armor: Robe              ||    25
Dodge: Dodged            ||    62
